AoeStats
← adrienzk

Northern Isles

510329462Analyzed
1v1 RM · 3d ago on Sep 30, 2026· 25m 54s· 2 players
Game mode
Random Map
Map size
Tiny (2 player)
Population
200
Speed
Normal
Resources
Standard
Victory
Conquest
Starting age
Dark Age
Ending age
Imperial Age
RankedLock teamsTeams togetherTeam positionsShared explorationLock speedFull tech treeHidden civsTurbo modeCheats
Victory
Defeat
🇧🇷 Celts · Brazil
1173
+16
🇫🇷 Saxons · France
1177
-16
eickhoff.luizfelipe
9:50 Loom
11:49 Feudal Age
14:26 Double-Bit Axe
20:24 Castle Age
19:17 Fishing Lines
20:34 Scale Mail Armor
20:44 Forging
20:31 Man-at-Arms
20:57 Gambesons
21:25 Bow Saw
21:16 Long Swordsman
22:28 Chain Mail Armor
25:15 Iron Casting
adrienzk
10:53 Feudal Age
14:51 Castle Age
13:08 Double-Bit Axe
14:49 Loom
17:39 Horse Collar
Connection lost

Rejoining the realm…

Still unreachable

The connection could not be restored.

Session expired

The server has moved on; the page needs a fresh start.